 Dungeon Crawl Stone Soup version 0.22.1-6-g1668fe2 (webtiles) character file.

4660 Fang the Fighter (level 10, -2/65 HPs)
             Began as a Gargoyle Berserker on Feb 6, 2019.
             Was a High Priest of Trog.
             Slain by a vampire (8 damage)
             ... on level 8 of the Dungeon.
             The game lasted 00:09:00 (7097 turns).

Fang the Fighter (Gargoyle Berserker)               Turns: 7097, Time: 00:09:01

Health: -2/65      AC: 26    Str: 27    XL:     10   Next: 43%
Magic:  8/10       EV: 11    Int:  9    God:    Trog [*****.]
Gold:   462        SH:  0    Dex:  9    Spells: 9/9 levels left

rFire    + . .     SeeInvis .   n - +1 war axe (drain)
rCold    x . .     Gourm    .   (no shield)
rNeg     + . .     Faith    .   z - +7 chain mail of the Untouchables {Str+2}
rPois    ∞         Spirit   .   r - +0 helmet of Ru's Wrath {rPois}
rElec    +         Reflect  .   (no cloak)
rCorr    .         Harm     .   (no gloves)
MR       +....                  (no boots)
Stlth    ..........             (no amulet)
HPRegen  0.20/turn              j - -3 ring of strength (curse)
MPRegen  0.12/turn              u - ring of Lenwi {Fire +Blink MR+ Str+5}

@: berserk cooldown, slowed, very slow
A: negative energy resistance 1, electricity resistance, unbreathing,
petrification resistance, rot immunity, AC +7
a: Berserk, Trog's Hand, Brothers in Arms, Renounce Religion, Evoke Blink


You were on level 8 of the Dungeon.
You worshipped Trog.
Trog was extremely pleased with you.
You were not hungry.

You visited 2 branches of the dungeon, and saw 10 of its levels.

You collected 462 gold pieces.

Inventory:

Hand Weapons
 n - a +1 war axe of draining (weapon)
 t - a +0 battleaxe
Armour
 f - a +0 plate armour
 r - the +0 helmet of Ru's Wrath (worn) {rPois}
   (You found it on level 5 of the Dungeon)

   It protects you from poison.
 z - the +7 chain mail of the Untouchables (worn) {Str+2}
   (You found it on level 7 of the Dungeon)

   It affects your strength (+2).
Jewellery
 j - a cursed -3 ring of strength (left hand)
 p - an uncursed ring of ice
 u - the ring of Lenwi (right hand) {Fire +Blink MR+ Str+5}
   (You found it on level 4 of the Dungeon)

   [ring of fire]

   It enhances your fire magic.
   It affects your strength (+5).
   It protects you from fire.
   It makes you vulnerable to cold.
   It affects your resistance to hostile enchantments.
   It lets you blink.
Wands
 m - a wand of random effects (37)
 o - a wand of flame (76)
 v - a wand of disintegration (12)
 A - a wand of digging (7)
Scrolls
 a - 9 scrolls of remove curse {unknown}
 b - 3 scrolls of amnesia {unknown}
 d - 6 scrolls of magic mapping {unknown}
 g - 14 scrolls of identify {unknown}
 q - a scroll of enchant armour {unknown}
 w - 3 scrolls of teleportation {unknown}
 y - 2 scrolls of fear {unknown}
 C - 3 scrolls of fog {unknown}
 D - a scroll of silence {unknown}
Potions
 e - 3 potions of brilliance {unknown}
 h - a potion of lignification {unknown}
 i - 4 potions of haste {unknown}
 k - 3 potions of curing {unknown}
 l - 2 potions of agility {unknown}
 s - 2 potions of flight {unknown}
 x - a potion of mutation {unknown}
 B - a potion of heal wounds {unknown}
 E - 2 potions of magic {unknown}
 F - 2 potions of cancellation {unknown}
Comestibles
 c - 17 rations
 G - 2 chunks of flesh


   Skills:
 + Level 8.9 Fighting
 + Level 7.4 Axes
 + Level 8.5 Armour
 + Level 6.4 Dodging


You had 9 spell levels left.
You didn't know any spells.
Your spell library was empty.

Dungeon Overview and Level Annotations

Branches:
Dungeon (9/15)             Temple (1/1) D:6
   Lair: D:8-11         Orc: D:9-12

Altars:
Dithmenos
Hepliaklqana
Kikubaaqudgha
Okawaru
Ru
Sif Muna
Trog
Wu Jian
Xom
Yredelemnul


Innate Abilities, Weirdness & Mutations

You are resistant to torment.
Your stone body is resilient. (AC +7)
You are immune to poison.
You resist negative energy. (rN+)
You are resistant to electric shocks. (rElec)
You can survive without breathing.
You are immune to petrification.
You are immune to rotting.


Message History

Something bites you!
* * * LOW HITPOINT WARNING * * *
Something hits you but does no damage. Something completely misses you.
You miss something. Something hits you.
* * * LOW HITPOINT WARNING * * *
Something bites you but does no damage. Something hits you but does no damage.
Something bites you but does no damage.
You closely miss something. Something hits you but does no damage.
Something bites you.
* * * LOW HITPOINT WARNING * * *
You closely miss something. Something hits you but does no damage.
Something bites you but does no damage.
You hear some strange, mumbled words.
Something tries to affect you, but you resist.
You hit something but do no damage. Something hits you but does no damage.
Something bites you but does no damage. Something hits you but does no damage.
Something bites you but does no damage.
You hit something but do no damage. Something hits you but does no damage.
Something bites you!
You die...

).....#.# #...#.#.#
#.####### ......#.#
#...#.#.# #.......#
......#.# #...#.#.#
#######.# .....(#.#
#...#.#.# #.#
......'.# #...#.#.#
#.# ......###
###.#.#.# #.#
.(....# #...#.# #.#
..###.#########.{#.#
#.# ..#
#.#)........@#.##
#.# ..#
#..[............#
#.# ..#
###........###..#
#.# ..# #........#
#..# #.# ..#
#........# #..# #.#
### #........# #..#
#.### #...(....#
#..# #....
############..#
##### #<..........#
#...


There were no monsters in sight!

Vanquished Creatures
  Erica (D:8)
  Pikel (D:8)
  A cyclops (D:9)
  Prince Ribbit (D:6)
  Sigmund (D:3)
  Eustachio (D:4)
  A hungry ghost (D:8)
  Menkaure (D:4)
  A hornet zombie (D:6)
  4 ice beasts
  A sky beast (D:6)
  A slave (D:8)
  A black bear (D:7)
  An eye of draining (D:9)
  A phantom (D:6)
  2 centaurs (D:7)
  3 bullfrogs
  3 howler monkeys (D:8)
  A centaur zombie (D:8)
  3 crimson imps
  2 jellies
  2 hounds
  6 orc priests
  An iguana (D:5)
  Jessica (D:3)
  Ijyb (D:4)
  9 orc wizards
  9 worker ants
  A hound zombie (D:8)
  A howler monkey skeleton (D:7)
  A worker ant zombie (D:7)
  Robin (D:4)
  4 gnolls (D:3)
  8 adders
  A shadow imp (D:7)
  2 oozes
  A worm (D:2)
  A dart slug (D:1)
  4 leopard geckos
  22 orcs
  7 bats
  5 giant cockroaches
  16 goblins
  4 hobgoblins
  10 jackals
  2 quokkas (D:4)
  A ball python skeleton (D:4)
  5 frilled lizards
  5 kobolds
  6 rats (D:1)
169 creatures vanquished.

Vanquished Creatures (others)
  A bullfrog (D:8)
  An orc wizard (D:7)
  A hound skeleton (D:8)
3 creatures vanquished.

Grand Total: 172 creatures vanquished

Notes
Turn   | Place    | Note
-------+----------+-------------------------------------------
     0 | D:1      | Fang the Gargoyle Berserker began the quest for the Orb.
     0 | D:1      | Reached XP level 1. HP: 14/14 MP: 1/1
    32 | D:1      | Reached XP level 2. HP: 18/19 MP: 2/2
   601 | D:1      | Reached XP level 3. HP: 23/23 MP: 3/3
   723 | D:2      | Reached ** piety under Trog
   737 | D:2      | Found a shimmering altar of Xom.
   982 | D:2      | Reached XP level 4. HP: 27/29 MP: 4/4
  1569 | D:3      | Noticed Sigmund
  1593 | D:3      | Killed Sigmund
  1593 | D:3      | Reached XP level 5. HP: 34/34 MP: 5/5
  1593 | D:3      | Reached XP level 6. HP: 39/39 MP: 6/6
  1703 | D:3      | Noticed Jessica
  1709 | D:3      | Killed Jessica
  3265 | D:4      | Noticed Menkaure
  3266 | D:4      | Noticed Robin
  3269 | D:4      | Reached skill level 5 in Fighting
  3270 | D:4      | Noticed Eustachio
  3271 | D:4      | Reached XP level 7. HP: 44/44 MP: 7/7
  3276 | D:4      | Reached *** piety under Trog
  3278 | D:4      | Killed Menkaure
  3282 | D:4      | Killed Eustachio
  3286 | D:4      | Killed Robin
  3365 | D:4      | Got a faintly glowing platinum ring
  3368 | D:4      | Identified the ring of Lenwi {Fire +Blink MR+ Str+5} (You
                  | found it on level 4 of the Dungeon)
  3518 | D:4      | Reached skill level 5 in Armour
  3620 | D:4      | Noticed Ijyb
  3632 | D:4      | Killed Ijyb
  3887 | D:5      | Entered Level 5 of the Dungeon
  3968 | D:5      | Reached XP level 8. HP: 29/51 MP: 8/8
  4120 | D:5      | Reached skill level 5 in Axes
  4395 | D:5      | Got a faintly humming helmet
  4401 | D:5      | Identified the +0 helmet of Ru's Wrath {rPois} (You found
                  | it on level 5 of the Dungeon)
  4690 | D:6      | Reached **** piety under Trog
  4701 | D:6      | You fall through a shaft for 2 floors!
  4733 | D:8      | Reached XP level 9. HP: 53/56 MP: 9/9
  4846 | D:8      | Noticed Pikel
  4856 | D:8      | Killed Pikel
  4856 | D:8      | Reached skill level 5 in Dodging
  4896 | D:8      | Noticed Erica
  4930 | D:8      | Killed Erica
  5745 | D:7      | Found a shadowy altar of Dithmenos.
  5746 | D:7      | Found an ancient bone altar of Kikubaaqudgha.
  5746 | D:7      | Found a bloodstained altar of Trog.
  5748 | D:7      | Found an iron altar of Okawaru.
  5748 | D:7      | Found a basalt altar of Yredelemnul.
  5750 | D:7      | Found a deep blue altar of Sif Muna.
  5750 | D:7      | Found an ornate altar of the Wu Jian Council.
  5751 | D:7      | Found a hazy altar of Hepliaklqana.
  5782 | D:7      | Reached XP level 10. HP: 61/64 MP: 10/10
  5899 | D:7      | Reached ***** piety under Trog
  6097 | D:6      | Found a staircase to the Ecumenical Temple.
  6170 | Temple   | Entered the Ecumenical Temple
  6215 | D:6      | Noticed Prince Ribbit
  6226 | D:6      | Killed Prince Ribbit
  6369 | D:6      | Found a sacrificial altar of Ru.
  6892 | D:7      | Got a smoking chain mail
  6903 | D:7      | Identified the +7 chain mail of the Untouchables {Str+2}
                  | (You found it on level 7 of the Dungeon)
  6947 | D:9      | Noticed a cyclops
  7076 | D:9      | Killed a cyclops
  7097 | D:8      | Slain by a vampire

Skill      XL: |  1  2  3  4  5  6  7  8  9 10 |
---------------+-------------------------------+-----
Axes           | 3 4 5 6 7 |  7.4
Dodging        | 2 3 4 5 6 |  6.4
Armour         | 3 4 5 6 7 8 |  8.5
Fighting       | 4 5 6 8 |  8.9

Action                   |  1- 3 |  4- 6 |  7- 9 | 10-12 || total
-------------------------+-------+-------+-------+-------++-------
Melee: Hand axe          |   119 |   142 |       |       ||   261
       War axe           |       |    30 |   253 |   107 ||   390
Invok: Berserk           |       |     4 |     3 |     1 ||     8
  Eat: Chunk             |       |    11 |    14 |     5 ||    30
Armor: Animal skin       |     7 |       |       |       ||     7
       Plate armour      |   125 |   133 |   208 |    58 ||   524
       Chain mail        |       |       |       |    29 ||    29
Dodge: Dodged            |    62 |    54 |   122 |    62 ||   300
